 Dungeon Crawl Stone Soup version 0.30.0-5-g1a98f26d00 (webtiles) character file.

Game seed: 2008197619966755611

32 NateTC the Trooper (level 3, 0/34 HPs)
             Began as a Hill Orc Fighter on May 13, 2023.
             Slain by a jelly (1 damage)
             ... on level 2 of the Dungeon.
             The game lasted 00:00:57 (409 turns).

NateTC the Trooper (Hill Orc Fighter)                Turns: 409, Time: 00:00:58

Health: 0/34       AC: -1    Str: 20    XL:     3   Next: 25%
Magic:  3/3        EV:  9    Int:  8    God:
Gold:   64         SH:  4    Dex: 10    Spells: 2/2 levels left

rFire   . . .        a - +0 war axe
rCold   . . .        c - +0 buckler
rNeg    . . .        b - +0 scale mail
rPois   .            (no helmet)
rElec   .            (no cloak)
rCorr   .            (no gloves)
SInv    .            (no boots)
Will    .....        (no amulet) Stlth
                     (no ring)
HPRegen 0.25/turn    (no ring)
MPRegen 0.08/turn

%: no passive effects
@: corroded
A: no striking features
a: no special abilities


You were on level 2 of the Dungeon.
You visited 1 branch of the dungeon, and saw 2 of its levels.

You collected 64 gold pieces.

Inventory:

Hand Weapons
 a - a +0 war axe (weapon)
Armour
 b - a +0 scale mail (worn)
 c - a +0 buckler (worn)
Jewellery
 g - a ring of magical power
Wands
 i - a wand of charming (14)
Scrolls
 e - a scroll of silence {unknown}
 j - a scroll of identify {unknown}
Potions
 d - a potion of might
 f - a potion of degeneration {unknown}
 h - a potion of attraction {unknown}


   Skills:
 * Level 4.4 Fighting
 * Level 3.9 Axes
 - Level 3.2 Armour
 - Level 3.2 Shields


You had 2 spell levels left.
You didn't know any spells.
Your spell library contained the following spells:

 Spells                   Type           Power      Damage    Failure   Level
 Sting                    Tmut/Pois      0%         1d3       83%         1
 Poisonous Vapours        Pois/Air       0%         N/A       93%         2
 Olgreb's Toxic Radiance  Pois           0%         N/A       100%        4


Dungeon Overview and Level Annotations

Branches:
Dungeon (1/15) Zot: 11568

Altars:


Message History

Found 4 stones.
The frilled lizard hisses angrily.
The jelly jiggles.
The frilled lizard hisses.
You hit the jelly. The acid corrodes you!
Your hands burn!
The jelly is moderately wounded.
The jelly barely misses you.
You hit the jelly.
Your hands burn!
The jelly is heavily wounded.
The jelly hits you but does no damage.
You hit the jelly but do no damage.
Your hands burn!
The jelly is heavily wounded.
You closely miss the rat. You miss the quokka. The jelly closely misses you.
The rat barely misses you. The quokka bites you. You block the quokka's attack.
The jelly hits you.
You are splashed with acid.
The rat bites you.
You barely miss the jelly.
The jelly is heavily wounded.
You hit the rat.
You kill the rat!
You closely miss the quokka. The quokka barely misses you.
You block the jelly's attack.
You hit the jelly but do no damage.
Your hands burn!
The jelly is heavily wounded.
You hit the frilled lizard but do no damage.
You barely miss the quokka. The quokka closely misses you.
The frilled lizard bites you but does no damage.
The jelly jiggles.
The jelly hits you.
* * * LOW HITPOINT WARNING * * *
The acid corrodes you!
You are splashed with acid!
* * * LOW HITPOINT WARNING * * *
The quokka closely misses you.
You slash the jelly!
Your hands burn!
* * * LOW HITPOINT WARNING * * *
The jelly is almost dead.
You hit the frilled lizard but do no damage.
You hit the quokka. You block the frilled lizard's attack.
You block the jelly's attack. The quokka closely misses you.
You block the frilled lizard's attack. The jelly hits you.
You die...

#.........# #..(......#
#####.........#
....#.........#
..............#########
.......................
...$..........#########
......l........##
......J@........##
..(...r.<.....#..# .#
.............###.####.##
.....##.....##........##
....# ###.##...#...#####
(..# #..##.....#.#####
... ..........#†..#.. ..
###............
#......##...#


You could see a jelly, a quokka and a frilled lizard.

Vanquished Creatures
  An adder (D:2)
  A dart slug (D:1)
  2 bats (D:1)
  4 endoplasms
  3 hobgoblins (D:1)
  3 kobolds (D:1)
  A ball python (D:2)
  2 frilled lizards (D:2)
  5 rats
22 creatures vanquished.

Notes
Turn   | Place    | Note
-------+----------+-------------------------------------------
     0 | D:1      | NateTC the Hill Orc Fighter began the quest for the Orb.
     0 | D:1      | Reached XP level 1. HP: 19/19 MP: 1/1
    70 | D:1      | Reached XP level 2. HP: 25/27 MP: 2/2
    72 | D:1      | Reached skill level 4 in Fighting
   336 | D:1      | You fall into a shaft and drop 1 floor!
   375 | D:2      | Reached XP level 3. HP: 32/34 MP: 3/3
   409 | D:2      | HP: 1/34 [acid (2)]
   409 | D:2      | Slain by a jelly

Illustrated notes

Levels and vault maps discovered:
D:1:      scummos_arrival_simple_fountains, layout_loops_ring
D:2:      layout_rooms, serial_shops, shop, uniq_terence

Skill      XL: |  1  2 |
---------------+-------+-----
Axes           | 3 |  3.9
Fighting       | 4 |  4.4
Armour         | |  3.2
Shields        | |  3.2

Action                     || total
---------------------------++-------
  Melee: War axe           ||    61
 Armour: Scale mail        ||    24
  Dodge: Dodged            ||    30
  Block: Buckler           ||    17
